Cogmind - Beta 10.2 @@@ ROGUE MODE // 2021.04.14 @ 14:38:50 Player: ChromeKnight Result: Destroyed by P-80 Master with Gamma Rifle Performance ------------- Evolutions (7) 3500 Regions Visited (15) 3000 Robots Destroyed (149) 745 Value Destroyed (5911) 5911 Prototype IDs (11) 220 Alien Tech Used (0) 0 Bonus (4432) 4432 TOTAL SCORE: 17808 Bonus ------- Pacifist 200 High Alert Combat Kills 1008 Follower Combat Kills 1804 Built Enhanced Grunts 300 Met R17 at Cetus 500 Hacked Protovariant 500 Met R17 at Research 2000 Scanned by Researcher 500 Friendly Fire -2380 Cogmind --------- Core Integrity 0/1300 Matter 286/300 Energy 99/100 System Corruption 18% Temperature Cool (0) Movement Core (50) Location -3/Testing Parts ------- > --- POWER (2) -------- (None) > --- PROPULSION (5) --- (None) > --- UTILITY (9) ------ Advanced Target Analyzer Core Analyzer > --- WEAPON (5) ------- (None) > --- INVENTORY (4) ---- Advanced Heat Sink Peak State ------------ > --- POWER ------------ Quantum Reactor Quantum Reactor > --- PROPULSION ------- Flexi-carbon Leg Flexi-carbon Leg Flexi-carbon Leg Myomer Leg Myomer Leg > --- UTILITY ---------- Advanced Cooling System Advanced Cooling System Advanced Cooling System Medium Storage Unit Advanced Target Analyzer Core Analyzer Centrium Medium Armor Plating Centrium Medium Armor Plating > --- WEAPON ----------- Precision Phase Gun Improved KE Penetrator Improved KE Penetrator Containment Facilitator > --- INVENTORY -------- Neutrino Core Neutrino Core Light Antimatter Reactor Advanced Heat Sink Advanced Variable Charge Gun Railgun Railgun Improved KE Penetrator [Rating: 145] Favorites ----------- Power Improved Deuterium Engine Engine Improved Deuterium Engine Power Core Neutrino Core Reactor Quantum Reactor Propulsion Flexi-carbon Leg Treads Light Treads Leg Flexi-carbon Leg Wheel Armored Huge Wheel Hover Unit Improved Hover Unit Utility Medium Storage Unit Device Advanced Cooling System Storage Medium Storage Unit Processor Core Analyzer Hackware Improved Hacking Suite Protection Centrium Medium Armor Plating Weapon Shock Maul Energy Gun Arc Projector Energy Cannon Matter Neutralizer Ballistic Gun Improved KE Penetrator Ballistic Cannon Improved Light Cannon Launcher Containment Facilitator Impact Weapon Shock Maul Build | -11 -10 -9 -9 -8 -7 -7 -7 -7 -7 -5 -4 -4 -4 -3 -3 ------- Run | Scr Mat Mat Min Mat Fac Was Fac Sto Rec Fac Fac Ext Cet Res Tes Slots Evolved 14 | . . 2 . 2 2 . . . . 4 2 . . 2 . Power 1 | . . . . . . . . . . 1 . . . . . Propulsion 3 | . . 1 . 2 . . . . . . . . . . . Utility 7 | . . 1 . . 2 . . . . 1 1 . . 2 . Weapon 3 | . . . . . . . . . . 2 1 . . . . Parts Attached 251 | 7 . 13 6 53 4 1 42 6 2 23 6 47 15 7 19 Power 29 | 1 . 1 . 5 1 . 4 . . 4 1 5 2 . 5 Engine 15 | 1 . 1 . 5 1 . 4 . . 2 1 . . . . Core 6 | . . . . . . . . . . 2 . 2 . . 2 Reactor 8 | . . . . . . . . . . . . 3 2 . 3 Propulsion 68 | 2 . 6 1 20 . . 12 . . 6 1 12 2 1 5 Treads 2 | . . . . . . . 2 . . . . . . . . Leg 49 | 2 . 3 . 18 . . 4 . . 5 . 10 2 1 4 Wheel 4 | . . . . . . . 3 . . 1 . . . . . Hover 13 | . . 3 1 2 . . 3 . . . 1 2 . . 1 Flight . | . . . . . . . . . . . . . . . . Utility 72 | 1 . 3 2 12 3 . 14 3 1 10 3 14 4 1 1 Device 41 | . . . 2 6 2 . 8 2 1 5 3 11 . . 1 Storage 5 | 1 . 1 . 1 . . 1 . . 1 . . . . . Processor 7 | . . . . . 1 . 3 . . 2 . . . 1 . Hackware 1 | . . . . . . . . . . . . 1 . . . Protection 18 | . . 2 . 5 . . 2 1 . 2 . 2 4 . . Artifact . | . . . . . . . . . . . . . . . . Weapon 82 | 3 . 3 3 16 . 1 12 3 1 3 1 16 7 5 8 Energy Gun 40 | 2 . 1 3 6 . . 8 1 . . . 8 3 4 4 Energy Cannon 4 | . . . . 2 . . . . . . . 1 . 1 . Ballistic Gun 19 | 1 . 2 . 5 . . . . . . . 4 4 . 3 Ballistic Cannon 4 | . . . . 2 . 1 . . . . . 1 . . . Launcher 1 | . . . . . . . . . . . . . . . 1 Special Weapon . | . . . . . . . . . . . . . . . . Impact Weapon 14 | . . . . 1 . . 4 2 1 3 1 2 . . . Slashing Weapon . | . . . . . . . . . . . . . . . . Piercing Weapon . | . . . . . . . . . . . . . . . . Special Melee Weapon . | . . . . . . . . . . . . . . . . Unidentified Prototypes 11 | . . . . 1 . . 1 2 . . . . 3 1 3 Parts Lost 111 | . . . 1 30 . 3 16 1 . 4 . 22 1 . 33 Power 13 | . . . . 3 . . 1 . . 1 . 2 . . 6 Propulsion 43 | . . . 1 15 . 1 8 . . 1 . 7 . . 10 Utility 21 | . . . . 3 . 1 3 . . 2 . 5 . . 7 Weapon 34 | . . . . 9 . 1 4 1 . . . 8 1 . 10 Highest Loss Streak 18 | . . . 1 8 . 2 4 1 . 2 . 17 1 . 18 Average Slot Usage (%) 77 | . 85 87 99 78 87 57 65 82 84 87 98 63 99 92 62 Engine 5 | . 14 11 11 8 7 2 5 7 7 7 4 . . . . Reactor 1 | . . . . . . . . . . . . 3 10 9 6 Leg 12 | . 28 20 . 21 30 17 5 . . 10 22 9 26 23 14 Wheel 2 | . . . . . . . 1 23 23 9 . . . . . Hover 5 | . . 12 32 7 . . 3 . . . 3 . . . . Device 10 | . . . 14 7 12 10 9 5 15 9 14 10 15 14 9 Storage 6 | . 14 11 11 9 7 4 3 7 7 5 5 5 5 4 1 Processor 7 | . . . . . 5 7 14 22 7 9 10 8 5 6 9 Protection 4 | . . 11 6 7 7 1 1 . 7 6 5 . 8 9 4 Energy Gun 8 | . 14 11 15 4 . . 11 11 . . . 10 9 9 4 Energy Cannon 1 | . . . . 4 . . . . . . . . 5 4 1 Ballistic Gun 3 | . 14 11 6 4 . . . . . . . 1 10 9 7 Ballistic Cannon 1 | . . . . 2 15 10 . . . . . . . . . Impact Weapon 3 | . . . . . . . 1 2 15 22 26 4 . . . Naked Turns . | . . . . . . . . . . . . . . . . Heaviest Build 104 | 11 11 24 25 37 42 42 51 57 57 77 60 81 102 104 104 Greatest Support 110 | 20 20 39 24 55 40 40 72 72 72 85 85 105 105 110 110 Greatest Overweight (x) 12 | 3 . 2 1 6 1 1 12 . . 2 . 12 . . 4 Average Overweight (x) . | . . . . . . . 1 . . . . 1 . . . Largest Inventory Capacity 16 | 6 6 8 8 10 10 10 12 12 12 16 8 8 8 8 8 Average Capacity 8 | 5 6 6 8 8 10 8 8 12 12 9 8 8 8 8 6 Most Carried 12 | 2 4 8 8 10 10 10 12 12 12 12 8 8 8 8 8 Average Carried 7 | . 3 6 7 8 9 8 7 11 12 8 7 4 7 7 5 Final Capacity 12 | 6 6 8 8 10 10 4 12 12 12 8 8 8 8 8 4 Final Carried 12 | 1 4 7 8 10 10 4 12 12 12 8 8 8 8 8 1 Class Distribution -------------------- 41% | Mutant 29% | Scavenger-Mutant 9% | Scavenger-Gunner 8% | Scavenger-Tank 6% | Scavenger-Skirmisher Dominant Class ---------------- Mutant | -10/Materials Mutant | -9/Materials Scavenger-Mutant | -9/Mines Scavenger-Mutant | -8/Materials Scavenger-Mutant | -7/Factory Mutant | -7/Waste Mutant | -7/Factory Mutant | -7/Storage Mutant | -7/Recycling Mutant | -5/Factory Scavenger-Mutant | -4/Factory Mutant | -4/Extension Scavenger-Tank | -4/Cetus Scavenger-Tank | -3/Research Scavenger-Gunner | -3/Testing Resources | -11 -10 -9 -9 -8 -7 -7 -7 -7 -7 -5 -4 -4 -4 -3 -3 ----------- Run | Scr Mat Mat Min Mat Fac Was Fac Sto Rec Fac Fac Ext Cet Res Tes Matter Collected 4267 | 157 . 426 219 624 . . 686 28 . 265 110 558 494 150 550 Remotely . | . . . . . . . . . . . . . . . . Salvage Created 7378 | . . 426 343 1482 . . 1237 345 . 1008 . 436 356 174 1571 Parts 360 | . . 28 24 89 . . 62 23 . 23 . 14 13 12 72 Haulers Intercepted 4 | . . 1 . 1 . . 1 . . 1 . . . . . Recyclers Shooed 6 | . . . . 1 . . 3 . . 1 . 1 . . . Parts Field Recycled . | . . . . . . . . . . . . . . . . Retrieved Matter . | . . . . . . . . . . . . . . . . Parts Self-Destructed . | . . . . . . . . . . . . . . . . Prevented . | . . . . . . . . . . . . . . . . Kills | -11 -10 -9 -9 -8 -7 -7 -7 -7 -7 -5 -4 -4 -4 -3 -3 ------- Run | Scr Mat Mat Min Mat Fac Was Fac Sto Rec Fac Fac Ext Cet Res Tes Combat Hostiles Destroyed 104 | . . 6 10 29 . . 14 4 . 9 . 5 5 3 19 Melee 12 | . . . . 1 . . 2 . . 7 . 2 . . . Guns 59 | . . 6 10 5 . . 7 4 . . . 3 4 3 17 Cannons 21 | . . . . 20 . . . . . . . . 1 . . Classes Destroyed 17 | . . 5 3 3 . . 2 . . . . . . . 4 Worker 15 | . . . 1 4 . . 5 1 . 1 . 2 . . 1 Builder 3 | . . . . . . . 1 . . . . 1 . . 1 Tunneler 2 | . . 1 1 . . . . . . . . . . . . Hauler 4 | . . 1 . 1 . . 1 . . 1 . . . . . Recycler 6 | . . . 1 . . . 2 1 . 2 . . . . . Operator 5 | . . . . 3 . . . 2 . . . . . . . Watcher 8 | . . 1 . 1 . . 4 . . . . 1 . . 1 Swarmer 15 | . . . 7 7 . . 1 . . . . . . . . Saboteur 1 | . . . . . . . . . . . . . . . 1 Grunt 50 | . . 4 3 13 . . 7 3 . 4 . 2 2 1 11 Brawler 3 | . . . . 1 . . . . . 2 . . . . . Duelist 3 | . . . . . . . . . . . . . . . 3 Protector 1 | . . . . . . . . . . . . . . . 1 Sentry 17 | . . 2 . 7 . . 3 . . 2 . 2 . . 1 Hunter 8 | . . . . 1 . . . 1 . 1 . 1 2 . 2 Programmer 5 | . . . . . . . 3 . . . . . . 2 . Cetus Guard 1 | . . . . . . . . . . . . . 1 . . Investigator 1 | . . . . . . . . . . . . . . . 1 Best Kill Streak 8 | . . 5 4 6 . . 7 4 . 4 . 2 4 2 8 Combat Bots Only 8 | . . 4 4 6 . . 3 2 . 4 . 1 4 2 8 Max Kills in Single Turn 6 | . . 1 2 2 . . 6 1 . 2 . 1 1 1 2 Gunslinging 1 | . . . . . . . . . . . . . . . 1 Exploded . | . . . . . . . . . . . . . . . . Melee 2 | . . . . 1 . . 1 . . 2 . 1 . . . Uniques/NPCs Destroyed 1 | . . . . . . . . . . . . . 1 . . A7 (-4/Cetus) Combat | -11 -10 -9 -9 -8 -7 -7 -7 -7 -7 -5 -4 -4 -4 -3 -3 -------- Run | Scr Mat Mat Min Mat Fac Was Fac Sto Rec Fac Fac Ext Cet Res Tes Damage Taken 17070 | . 71 273 260 3177 . 112 1872 310 . 1156 . 3485 717 250 5387 Core 3444 | . . 60 37 476 . 45 463 34 . 177 . 774 69 22 1287 Absorbed by Shields 3237 | . . . . . . . 200 . . 365 . 385 382 . 1905 Core Remaining (%) 59 | 100 100 . 75 13 . . . . 22 82 . . 26 . . Volleys Fired 364 | . . 29 25 108 . 8 60 17 . . . 27 26 10 54 Largest 5 | . . 2 2 2 . 2 2 2 . . . 5 5 5 5 Hottest 423 | . . 79 112 121 . 78 110 110 . . . 423 343 351 352 Shots Fired 944 | . . 58 50 189 . 18 119 31 . . . 100 117 50 212 Gun 762 | . . 58 50 95 . . 119 31 . . . 93 84 40 192 Cannon 181 | . . . . 94 . 18 . . . . . 7 33 10 19 Launcher 1 | . . . . . . . . . . . . . . . 1 Special . | . . . . . . . . . . . . . . . . Kinetic 366 | . . 29 24 69 . 18 . . . . . 23 59 20 124 Thermal 294 | . . 1 26 37 . . . . . . . 77 58 27 68 Explosive . | . . . . . . . . . . . . . . . . Electromagnetic 283 | . . 28 . 83 . . 119 31 . . . . . 3 19 Robot Hit Streak 21 | . . 6 9 14 . 2 21 6 . . . 15 7 8 19 Robot Miss Streak 8 | . . 4 8 4 . 2 5 4 . . . 6 4 2 3 Penetration Max 1 | . . . . . . . . . . . . 1 1 1 1 Secondary Targets 9 | . . 2 2 . . . 1 . . . . 1 . . 3 Max Gunslinging Chain 1 | . . 1 1 . . . 1 . . . . 1 . . 1 Shots Hit Robots 719 | . . 41 32 120 . 6 109 21 . 67 . 82 68 33 140 Core Hits 301 | . . 17 17 62 . 2 43 17 . 21 . 27 23 9 63 Critical Hits 36 | . . . . 2 . . . . . . . 1 6 3 24 Critical Kills 11 | . . . . . . . . . . . . 1 . 2 8 Critical Parts Destroyed 25 | . . . . 2 . . . . . . . . 6 1 16 Melee Attacks 186 | . . . . 5 . . 36 1 2 90 3 49 . . . Impact 186 | . . . . 5 . . 36 1 2 90 3 49 . . . Slashing . | . . . . . . . . . . . . . . . . Piercing . | . . . . . . . . . . . . . . . . Sneak Attacks 12 | . . . . . . . 1 . . 9 . 2 . . . Combat Hostiles 7 | . . . . . . . . . . 5 . 2 . . . Follow-up Attacks 40 | . . . . . . . 1 . . 32 . 7 . . . Damage Inflicted 19290 | . . 562 576 2983 . 187 2760 685 . 2621 . 2203 2063 734 3916 Guns 10157 | . . 562 576 816 . . 1195 284 . . . 1249 1456 565 3454 Cannons 3208 | . . . . 1710 . 187 . . . . . 110 607 169 425 Explosions 1354 | . . . . 341 . . 612 401 . . . . . . . Melee 4482 | . . . . 111 . . 906 . . 2621 . 844 . . . Ramming 89 | . . . . 5 . . 47 . . . . . . . 37 Kinetic 4929 | . . 264 229 556 . 187 . . . . . 301 975 250 2167 Thermal 6012 | . . 15 347 750 . . 612 401 . . . 1058 1088 459 1282 Explosive . | . . . . . . . . . . . . . . . . Electromagnetic 3778 | . . 283 . 1561 . . 1195 284 . . . . . 25 430 Impact 4482 | . . . . 111 . . 906 . . 2621 . 844 . . . Slashing . | . . . . . . . . . . . . . . . . Piercing . | . . . . . . . . . . . . . . . . Highest Corruption 44 | . 3 . . 13 . 26 42 44 44 . . 3 3 . 18 Average Corruption 17 | . 2 . . 7 . 16 31 43 44 . . 3 3 . 9 Corruption Purged . | . . . . . . . . . . . . . . . . Effects 377 | . 3 . . 58 . 18 199 31 21 . . 26 18 . 3 Message Errors 62 | . 2 . . 7 . 5 30 2 2 . . 9 3 . 2 Matter Fused 49 | . . . . 12 . . 24 1 3 . . 6 3 . . Heat Flow Errors 32 | . 1 . . 5 . 3 15 2 3 . . . 3 . . Energy Discharges 32 | . . . . 5 . 1 16 5 1 . . 4 . . . Parts Rejected 7 | . . . . . . 1 3 . 2 . . . . . 1 Data Loss (minor) 25 | . . . . 6 . 1 11 1 1 . . 4 1 . . Data Loss (major) 7 | . . . . 2 . . 5 . . . . . . . . Misfires 7 | . . . . 1 . 2 4 . . . . . . . . Alerts 10 | . . . . 1 . . 8 1 . . . . . . . Misdirections 52 | . . . . 4 . 2 32 5 9 . . . . . . Targeting Errors 84 | . . . . 14 . 3 46 13 . . . 2 6 . . Weapon Failures 10 | . . . . 1 . . 5 1 . . . 1 2 . . Overload Shots . | . . . . . . . . . . . . . . . . Overflow Damage 738 | . . . . 76 . . 299 28 . 263 . 56 16 . . Projectiles 23 | . . . . 7 . . . . . . . . 16 . . Explosions 162 | . . . . 51 . . 83 28 . . . . . . . Melee 553 | . . . . 18 . . 216 . . 263 . 56 . . . Knockbacks 18 | . . . . . . . 6 . . 8 . 4 . . . Impact 16 | . . . . . . . 6 . . 6 . 4 . . . Kinetic . | . . . . . . . . . . . . . . . . Secondary 2 | . . . . . . . . . . 2 . . . . . Self-Inflicted Damage 159 | . . . . 58 . . . 80 . . . . . . 21 Shots 4 | . . . . 2 . . . 2 . . . . . . . Rammed 36 | . . . . 3 . . 29 . . . . . . . 4 Targets Rammed 40 | . . . . 5 . . 30 . . . . . . . 5 Kicked 3 | . . . . 2 . . . . . . . . . . 1 Crushed 1 | . . . . . . . 1 . . . . . . . . Highest Temperature 443 | . 96 222 280 384 . 191 300 382 194 . . 443 180 30 41 Average Temperature 90 | . 50 72 143 96 . 89 90 127 95 . . 129 20 7 14 Received Heat Transfer 3337 | . 36 126 90 1368 . . 285 90 . 198 . 426 43 24 651 Effects 8 | . . 1 . 2 . . . 1 . . . 4 . . . Shutdowns 5 | . . . . 1 . . . 1 . . . 3 . . . Energy Bleed 1 | . . 1 . . . . . . . . . . . . . Matter Decay 1 | . . . . . . . . . . . . 1 . . . Damage (minor) 1 | . . . . 1 . . . . . . . . . . . Siege Activations . | . . . . . . . . . . . . . . . . Robots Corrupted 8 | . . . . 2 . . 4 . . . . . . . 2 Combat Hostiles 8 | . . . . 2 . . 4 . . . . . . . 2 Parts Fried 42 | . . . . 9 . . 16 . . 9 . 2 2 . 4 Impact Corruptions 31 | . . . . 1 . . 14 . . 13 . 3 . . . Robots Melted 1 | . . . . 1 . . . . . . . . . . . Combat Hostiles 1 | . . . . 1 . . . . . . . . . . . Parts Melted 10 | . . . 1 2 . . . 1 . . . 1 . 1 4 Heat Transferred 7989 | . . 37 814 1436 . . 400 350 . . . 1889 1146 481 1436 Parts Sabotaged . | . . . . . . . . . . . . . . . . Parts Stolen . | . . . . . . . . . . . . . . . . Parts Stripped . | . . . . . . . . . . . . . . . . Power Chain Reactions 7 | . . . . 4 . . . 3 . . . . . . . Missiles Intercepted . | . . . . . . . . . . . . . . . . Alert | -11 -10 -9 -9 -8 -7 -7 -7 -7 -7 -5 -4 -4 -4 -3 -3 ------- Run | Scr Mat Mat Min Mat Fac Was Fac Sto Rec Fac Fac Ext Cet Res Tes Peak Influence 1195 | . 15 289 425 506 243 90 287 266 388 1195 530 266 727 817 903 Initial 1062 | . . 5 112 71 229 85 49 102 103 1062 514 259 136 435 457 Average 322 | . 1 127 246 296 230 81 145 183 233 1075 524 112 447 707 741 Maximum Alert Level 4 | . . 1 2 2 1 . 1 1 1 4 2 1 3 3 3 Low Security (%) 45 | 100 100 72 29 33 . 100 66 62 31 . . 86 6 . . Level 1 27 | . . 27 67 37 100 . 33 37 68 . . 13 28 . . Level 2 11 | . . . 2 28 . . . . . . 100 . 41 38 39 Level 3 12 | . . . . . . . . . . 68 . . 22 61 60 Level 4 2 | . . . . . . . . . . 31 . . . . . Level 5 . | . . . . . . . . . . . . . . . . High Security . | . . . . . . . . . . . . . . . . Max Security . | . . . . . . . . . . . . . . . . Squads Dispatched 33 | . 2 2 . 4 . . 9 1 . 5 . 2 . 1 7 Investigation 4 | . 1 1 . . . . 1 . . . . . . . 1 Extermination 6 | . . . . . . . 4 . . 1 . . . . 1 Reinforcement 14 | . 1 1 . 4 . . 1 1 . 2 . 2 . 1 1 Assault 5 | . . . . . . . . . . 2 . . . . 3 Garrison 4 | . . . . . . . 3 . . . . . . . 1 Intercept . | . . . . . . . . . . . . . . . . Construction Impeded 4 | . . . . . . . . 1 . . . 2 . . 1 Haulers Reinforced 1 | . . . . . . . . . . 1 . . . . . Stealth | -11 -10 -9 -9 -8 -7 -7 -7 -7 -7 -5 -4 -4 -4 -3 -3 --------- Run | Scr Mat Mat Min Mat Fac Was Fac Sto Rec Fac Fac Ext Cet Res Tes Distress Signals 13 | . 1 1 . 3 . . 1 . . . . 2 2 2 1 Communications Jammed . | . . . . . . . . . . . . . . . . Distress Signals . | . . . . . . . . . . . . . . . . Times Spotted 262 | . 5 16 12 63 . 6 24 6 15 19 . 28 23 11 34 Peak Tracking Total 9 | . 5 6 4 7 . 6 5 2 7 6 . 6 9 5 9 Tactical Retreats 22 | . 1 . 1 10 . 1 2 1 . 3 . 2 . . 1 Traps | -11 -10 -9 -9 -8 -7 -7 -7 -7 -7 -5 -4 -4 -4 -3 -3 ------- Run | Scr Mat Mat Min Mat Fac Was Fac Sto Rec Fac Fac Ext Cet Res Tes Traps Triggered 8 | . 3 1 . . 1 . 1 1 . . . . . . 1 Indirectly . | . . . . . . . . . . . . . . . . Trap Hack Attempts . | . . . . . . . . . . . . . . . . Triggered . | . . . . . . . . . . . . . . . . Disarmed . | . . . . . . . . . . . . . . . . Reprogrammed . | . . . . . . . . . . . . . . . . Reused . | . . . . . . . . . . . . . . . . Traps Extracted . | . . . . . . . . . . . . . . . . Installed . | . . . . . . . . . . . . . . . . Triggered 3 | . . . . . . . . . . . . 3 . . . Machines | -11 -10 -9 -9 -8 -7 -7 -7 -7 -7 -5 -4 -4 -4 -3 -3 ---------- Run | Scr Mat Mat Min Mat Fac Was Fac Sto Rec Fac Fac Ext Cet Res Tes Machines Disabled 19 | . . . . . . . 12 . . 1 . 1 3 . 2 Max in Single Turn 9 | . . . . . . . 9 . . 1 . . 1 . 2 Garrison Access 1 | . . . . . . . . . . . . . . . 1 Machines Sabotaged . | . . . . . . . . . . . . . . . . Garrisons Compromised . | . . . . . . . . . . . . . . . . Overloaded Fab Kills . | . . . . . . . . . . . . . . . . Fab Network Shutdowns . | . . . . . . . . . . . . . . . . Hacking | -11 -10 -9 -9 -8 -7 -7 -7 -7 -7 -5 -4 -4 -4 -3 -3 --------- Run | Scr Mat Mat Min Mat Fac Was Fac Sto Rec Fac Fac Ext Cet Res Tes Machines Accessed 29 | . 1 1 1 1 1 . 3 3 7 2 1 4 2 . 2 Terminals 16 | . 1 . 1 1 1 . 2 3 . . . 4 2 . 1 Fabricators 1 | . . . . . . . . . . 1 . . . . . Repair Stations 2 | . . . . . . . 1 . . . 1 . . . . Recycling Units 8 | . . 1 . . . . . . 7 . . . . . . Scanalyzers 1 | . . . . . . . . . . 1 . . . . . Garrison Access 1 | . . . . . . . . . . . . . . . 1 Total Hacks 50 | . 1 2 4 2 3 . 4 6 9 2 3 4 5 . 5 Successful 29 | . . 2 1 2 2 . 1 2 8 1 2 3 4 . 1 Failed 21 | . 1 . 3 . 1 . 3 4 1 1 1 1 1 . 4 Catastrophic 3 | . . . . . . . 2 . . 1 . . . . . Database Lockouts . | . . . . . . . . . . . . . . . . Manual 19 | . 1 . . 1 3 . 2 1 8 . . 1 1 . 1 Terminals 30 | . 1 . 4 2 3 . 3 6 . . . 4 5 . 2 Fabricators 1 | . . . . . . . . . . 1 . . . . . Repair Stations 4 | . . . . . . . 1 . . . 3 . . . . Recycling Units 11 | . . 2 . . . . . . 9 . . . . . . Scanalyzers 1 | . . . . . . . . . . 1 . . . . . Garrison Access 3 | . . . . . . . . . . . . . . . 3 Terminal Hacks 15 | . . . 1 2 2 . . 2 . . . 3 4 . 1 Record 4 | . . . . . . . . . . . . . 4 . . Robot Analysis 2 | . . . . . 2 . . . . . . . . . . Open Door 5 | . . . . . . . . 2 . . . 3 . . . Branch Access Points 1 | . . . . 1 . . . . . . . . . . . Zone Layout 2 | . . . 1 1 . . . . . . . . . . . Protovariant Controls 1 | . . . . . . . . . . . . . . . 1 Fabricator Hacks 1 | . . . . . . . . . . 1 . . . . . Build 1 | . . . . . . . . . . 1 . . . . . Repair Station Hacks 3 | . . . . . . . 1 . . . 2 . . . . Scan Component 1 | . . . . . . . . . . . 1 . . . . Repair 1 | . . . . . . . . . . . 1 . . . . Refit 1 | . . . . . . . 1 . . . . . . . . Recycling Unit Hacks 3 | . . 2 . . . . . . 1 . . . . . . Process 1 | . . 1 . . . . . . . . . . . . . Retrieve Matter 2 | . . 1 . . . . . . 1 . . . . . . Scanalyzer . | . . . . . . . . . . . . . . . . Garrison Access Hacks . | . . . . . . . . . . . . . . . . Unauthorized Hacks 7 | . . . . . . . . . 7 . . . . . . Terminals . | . . . . . . . . . . . . . . . . Fabricators . | . . . . . . . . . . . . . . . . Repair Stations . | . . . . . . . . . . . . . . . . Recycling Units 7 | . . . . . . . . . 7 . . . . . . Tunnel 7 | . . . . . . . . . 7 . . . . . . Scanalyzers . | . . . . . . . . . . . . . . . . Garrison Access . | . . . . . . . . . . . . . . . . Data Cores Recovered 2 | . . . . 1 . . . 1 . . . . . . . Used . | . . . . . . . . . . . . . . . . Hacking Detections 13 | . 1 1 1 1 1 . 2 1 . 1 . 1 1 . 2 Full Trace Events 2 | . . . 1 . . . . . . . . . . . 1 Feedback Events . | . . . . . . . . . . . . . . . . Feedback Blocked . | . . . . . . . . . . . . . . . . Robot Schematics Acquired . | . . . . . . . . . . . . . . . . Robots Built . | . . . . . . . . . . . . . . . . Matter . | . . . . . . . . . . . . . . . . Time . | . . . . . . . . . . . . . . . . Total Robot Build Rating . | . . . . . . . . . . . . . . . . Part Schematics Acquired . | . . . . . . . . . . . . . . . . Parts Built . | . . . . . . . . . . . . . . . . Matter 212 | . . . . . . . . . . 212 . . . . . Time 106 | . . . . . . . . . . 106 . . . . . Total Part Build Rating . | . . . . . . . . . . . . . . . . Parts Repaired 1 | . . . . . . . . . . . 1 . . . . Time 25 | . . . . . . . . . . . 25 . . . . Parts Recycled . | . . . . . . . . . . . . . . . . Recycled Matter . | . . . . . . . . . . . . . . . . Retrieved Matter . | . . . . . . . . . . . . . . . . Retrieved Components . | . . . . . . . . . . . . . . . . Parts Scanalyzed . | . . . . . . . . . . . . . . . . Part Schematics Acquired . | . . . . . . . . . . . . . . . . Parts Damaged . | . . . . . . . . . . . . . . . . Bothacking | -11 -10 -9 -9 -8 -7 -7 -7 -7 -7 -5 -4 -4 -4 -3 -3 ------------ Run | Scr Mat Mat Min Mat Fac Was Fac Sto Rec Fac Fac Ext Cet Res Tes Used RIF Installer . | . . . . . . . . . . . . . . . . Robots Hacked . | . . . . . . . . . . . . . . . . Non-combat . | . . . . . . . . . . . . . . . . Combat . | . . . . . . . . . . . . . . . . Robot Hacks Applied . | . . . . . . . . . . . . . . . . Relay Couplers Released 1 | . . . . . . . . . . . . . . . 1 Machine Destruction 1 | . . . . . . . . . . . . . . . 1 Robots Rewired 10 | . . . . . . . . . . . . 10 . . . Allies Hacked . | . . . . . . . . . . . . . . . . Hacks Repelled . | . . . . . . . . . . . . . . . . Allies | -11 -10 -9 -9 -8 -7 -7 -7 -7 -7 -5 -4 -4 -4 -3 -3 -------- Run | Scr Mat Mat Min Mat Fac Was Fac Sto Rec Fac Fac Ext Cet Res Tes Total Allies 21 | . . . 3 . . . . . . . . 13 5 . . Largest Group 11 | . . . 3 . . . . . . . . 11 6 4 . Highest-Rated Group 602 | . . . 40 . . . . . . . . 543 602 370 . Highest-Rated Ally 156 | . . . 16 . . . . . . . . 156 132 94 . Total Orders 1 | . . . . . . . . . . . . 1 . . . GUARD 1 | . . . . . . . . . . . . 1 . . . Ally Attacks 255 | . . . 17 . . . . . . . . 115 93 30 . Total Damage 7937 | . . . 136 . . . . . . . . 3069 3596 1136 . Kills 48 | . . . 5 . . . . . . . . 16 18 9 . Allies Corrupted 2 | . . . . . . . . . . . . . . 2 . Allies Melted . | . . . . . . . . . . . . . . . . Intel | -11 -10 -9 -9 -8 -7 -7 -7 -7 -7 -5 -4 -4 -4 -3 -3 ------- Run | Scr Mat Mat Min Mat Fac Was Fac Sto Rec Fac Fac Ext Cet Res Tes Robot Analysis Total 2 | . . . . . 2 . . . . . . . . . . Derelict Logs Recovered 2 | . . . 2 . . . . . . . . . . . . Drone Launches . | . . . . . . . . . . . . . . . . Drone Recoveries . | . . . . . . . . . . . . . . . . Exploration | -11 -10 -9 -9 -8 -7 -7 -7 -7 -7 -5 -4 -4 -4 -3 -3 ------------- Run | Scr Mat Mat Min Mat Fac Was Fac Sto Rec Fac Fac Ext Cet Res Tes Turns Passed 10309 | 60 337 329 908 1503 175 291 2285 264 225 916 174 1397 618 340 487 Spaces Moved 5627 | 39 206 242 707 740 121 226 891 174 218 624 109 573 307 216 234 Core 540 | 22 . . . 14 . 93 177 . . . . 165 . . 69 Treads 267 | . . . . . . . 267 . . . . . . . . Legs 2799 | 17 206 103 . 508 121 133 294 . . 215 109 407 307 216 163 Wheels 933 | . . . . . . . 132 174 218 409 . . . . . Hover 1088 | . . 139 707 218 . . 21 . . . . 1 . . 2 Flight . | . . . . . . . . . . . . . . . . Fastest Speed 48 | 50 120 52 52 48 120 100 100 100 100 100 120 120 120 120 50 Average Speed 134 | 124 120 82 112 133 140 116 191 100 100 111 120 186 120 120 101 Slowest Speed 650 | 200 120 190 116 350 150 150 650 100 100 180 120 650 120 120 250 Overloaded Moves . | . . . . . . . . . . . . . . . . Propulsion Burnouts . | . . . . . . . . . . . . . . . . Robots Hopped . | . . . . . . . . . . . . . . . . Cave-ins Triggered 2 | . . . . . . . . . . . . 2 . . . Exploration Rate (%) 40 | 3 30 22 99 67 4 85 21 47 67 17 5 59 69 8 39 Regions Visited 15 Branch Regions 6 Pre-discovered Areas 7 | . . . . . . . . . 7 . . . . . . Known Exits Taken 2 | . . . 1 . . . 1 . . . . . . . . Unknown Exits Taken 11 | 1 1 1 . 1 . . . 1 1 1 1 1 1 1 . Scrap Searched 2 | . . . 2 . . . . . . . . . . . . Spaces Dug 30 | . . . . . . . 1 1 . 3 2 23 . . . Terrain Destroyed 138 | . . . . 24 . . 37 6 . 3 2 25 19 10 12 Melee 25 | . . . . . . . 1 1 . 3 2 18 . . . Projectile 50 | . . . . 2 . . . . . . . 7 19 10 12 AOE 63 | . . . . 22 . . 36 5 . . . . . . . Terrain Rammed 2 | . . . . . . . . . . . . . . . 2 Walls Destroyed . | . . . . . . . . . . . . . . . . Machines Disabled . | . . . . . . . . . . . . . . . . Actions | -11 -10 -9 -9 -8 -7 -7 -7 -7 -7 -5 -4 -4 -4 -3 -3 --------- Run | Scr Mat Mat Min Mat Fac Was Fac Sto Rec Fac Fac Ext Cet Res Tes Total 7373 | 47 296 318 771 1048 129 240 1272 233 221 756 151 782 494 270 345 Wait 670 | . 88 11 29 94 . 2 185 21 . 23 27 33 126 29 2 Move 5612 | 38 205 241 706 739 121 225 890 173 217 623 108 571 306 215 234 Hop . | . . . . . . . . . . . . . . . . Pick Up 83 | 2 3 8 3 16 2 2 16 7 . 6 3 8 4 2 1 Fast Attach 144 | 5 . 6 1 35 . . 29 2 2 12 4 25 8 4 11 Attach 44 | 1 . . 1 3 2 1 6 3 . 8 2 9 . . 8 Detach 8 | . . 1 . . . . 1 . . 3 1 2 . . . Swap 63 | 1 . 7 4 15 2 . 7 1 . 3 . 13 7 3 . Drop 134 | . . 15 2 28 2 2 13 8 . 11 4 23 17 7 2 Fire 364 | . . 29 25 108 . 8 60 17 . . . 27 26 10 54 Melee 137 | . . . . 5 . . 35 1 2 52 2 40 . . . Ram 7 | . . . . 2 . . . . . . . . . . 5 Kick 5 | . . . . 3 . . . . . . . . . . 2 Crush 30 | . . . . . . . 30 . . . . . . . . Escape Stasis 27 | . . . . . . . . . . . . 1 . . 26 Rewire 45 | . . . . . . . . . . 15 . 30 . . . Trap . | . . . . . . . . . . . . . . . . Miscellaneous . | . . . . . . . . . . . . . . . . Route ------- -11/Scrapyard -10/Materials -9/Materials -9/Mines (discovered 2 exits: *Mat x2) -8/Materials -7/Factory -7/Waste -7/Factory -7/Storage -7/Recycling -5/Factory -4/Factory -4/Extension (discovered 2 exits: [*Res] / *Cet) -4/Cetus (discovered 2 exits: [*Res] / [*Arc]) -3/Research -3/Testing History --------- Turn | Location | Event 30 | -11/Scrapyard | Discovered new exit (range 15) 61 | -11/Scrapyard | Entered Materials 314 | -10/Materials | Build established: Mutant 390 | -10/Materials | Discovered new exit (range 6) 398 | -10/Materials | Entered another Materials area 398 | -9/Materials | Evolved 2 slots: Propulsion x1, Utility x1 661 | -9/Materials | Discovered new exit (range 15) 727 | -9/Materials | Entered Mines 758 | -9/Mines | Met a Derelict bent on vengeance 842 | -9/Mines | Learned location of 1 exit from Proximity Caves 905 | -9/Mines | Identified exit to Materials 1052 | -9/Mines | Assisted by bots powering up and referring to "LRC-V3" 1059 | -9/Mines | Build established: Scavenger-Mutant 1401 | -9/Mines | Discovered exit to Materials (range 8) 1635 | -9/Mines | Entered Materials 1635 | -8/Materials | Evolved 2 slots: Propulsion x2 1812 | -8/Materials | Lost 4 parts (1p1n2w) 2108 | -8/Materials | Lost 6 parts (3n1u2w) 2303 | -8/Materials | Lost 3 parts (2n1w) 2657 | -8/Materials | System corruption reached 10% 2692 | -8/Materials | Lost 8 parts (1p4n2u1w) 2701 | -8/Materials | Core integrity fell below 50% 2766 | -8/Materials | Core integrity fell below 20% 2768 | -8/Materials | Lost 5 parts (3n2w) 3120 | -8/Materials | Discovered new exit (range 16) 3138 | -8/Materials | Entered Factory 3138 | -7/Factory | Evolved 2 slots: Utility x2 3157 | -7/Factory | Discovered new exit (range 12) 3204 | -7/Factory | Identified exit to Factory 3313 | -7/Factory | Sucked down chute 3313 | -7/Factory | Entered Waste 3328 | -7/Waste | EMP discharged 3357 | -7/Waste | Spotted C-40 Crusher 3395 | -7/Waste | Spotted C-40 Crusher 3398 | -7/Waste | Spotted C-40 Crusher 3404 | -7/Waste | Spotted C-40 Crusher 3409 | -7/Waste | Crushed by Compactor (1 part destroyed, 2 dropped) 3428 | -7/Waste | EMP discharged 3428 | -7/Waste | System corruption reached 10% 3494 | -7/Waste | Spotted C-40 Crusher 3508 | -7/Waste | Crushed by Compactor (1 part destroyed, 1 dropped) 3509 | -7/Waste | Spotted C-40 Crusher 3511 | -7/Waste | Crushed by Compactor (1 part destroyed, 2 dropped) 3528 | -7/Waste | EMP discharged 3575 | -7/Waste | Build established: Mutant 3591 | -7/Waste | Discovered new exit (range 13) 3603 | -7/Waste | Identified exit to Factory 3604 | -7/Waste | Entered Factory 4561 | -7/Factory | System corruption reached 30% 4906 | -7/Factory | Build established: Scavenger-Skirmisher 4991 | -7/Factory | Garrison activated, responded to threat 5266 | -7/Factory | Lost 4 parts (1n1u2w) 5456 | -7/Factory | Core integrity fell below 50% 5654 | -7/Factory | Build established: Mutant 5866 | -7/Factory | Discovered new exit (range 18) 5886 | -7/Factory | Identified exit to Storage 5889 | -7/Factory | Entered Storage 6141 | -7/Storage | Found Prototype Protection 6141 | -7/Storage | Identified Lgt. Regenerative Plating 6150 | -7/Storage | Used back door to open Recycling access 6150 | -7/Storage | Discovered new exit (range 4) 6153 | -7/Storage | Entered Recycling 6187 | -7/Recycling | Spotter reported a threat 6214 | -7/Recycling | Spotter reported a threat 6225 | -7/Recycling | Spotter reported a threat 6247 | -7/Recycling | Spotter reported a threat 6253 | -7/Recycling | Spotter reported a threat 6255 | -7/Recycling | Spotter reported a threat 6267 | -7/Recycling | Spotter reported a threat 6295 | -7/Recycling | Spotter reported a threat 6308 | -7/Recycling | Spotter reported a threat 6311 | -7/Recycling | Spotter reported a threat 6312 | -7/Recycling | Spotter reported a threat 6319 | -7/Recycling | Spotter reported a threat 6323 | -7/Recycling | Spotter reported a threat 6324 | -7/Recycling | Spotter reported a threat 6327 | -7/Recycling | Spotter reported a threat 6348 | -7/Recycling | Spotter reported a threat 6365 | -7/Recycling | Spotter reported a threat 6373 | -7/Recycling | Discovered new exit (range 6) 6377 | -7/Recycling | Spotter reported a threat 6378 | -7/Recycling | Entered Factory 6378 | -5/Factory | Evolved 4 slots: Power x1, Utility x1, Weapon x2 6678 | -5/Factory | First assault squad dispatched 7257 | -5/Factory | Build established: Scavenger-Mutant 7276 | -5/Factory | Discovered new exit (range 16) 7294 | -5/Factory | Entered another Factory area 7294 | -4/Factory | Evolved 2 slots: Utility x1, Weapon x1 7366 | -4/Factory | Repaired Lgt. Angular Momentum Engine 7456 | -4/Factory | Discovered new exit (range 10) 7468 | -4/Factory | Entered Extension 7536 | -4/Extension | Crushed by falling debris 7562 | -4/Extension | Lost 17 parts (2p7n4u4w) 7610 | -4/Extension | Crushed by falling debris 7732 | -4/Extension | Core integrity fell below 50% 7755 | -4/Extension | Rescued A7 7811 | -4/Extension | Build established: Mutant 8537 | -4/Extension | Rescued a captive Derelict 8572 | -4/Extension | Rescued a captive Derelict 8581 | -4/Extension | Spotted B-86 Titan 8599 | -4/Extension | Spotted B-86 Titan 8614 | -4/Extension | Allies destroyed B-86 Titan 8629 | -4/Extension | Allies destroyed B-86 Titan 8828 | -4/Extension | Discovered new exit (range 16) 8828 | -4/Extension | Discovered new exit (range 16) 8865 | -4/Extension | Entered Cetus 8865 | -4/Cetus | Accompanied by 5 allies (A7) 8870 | -4/Cetus | Acquired a Cetus Manufacturing Module code from A7 8880 | -4/Cetus | Spotted Cetus Guard 8880 | -4/Cetus | Spotted Cetus Guard 8886 | -4/Cetus | Allies destroyed Cetus Guard 8889 | -4/Cetus | Allies destroyed Cetus Guard 8891 | -4/Cetus | Spotted Cetus Guard 8892 | -4/Cetus | Spotted Cetus Guard 8903 | -4/Cetus | Allies destroyed Cetus Guard 8907 | -4/Cetus | Destroyed Cetus Guard 9064 | -4/Cetus | Started Cetus Manufacturing Module 9089 | -4/Cetus | Manufactured an Enhanced Grunt 9114 | -4/Cetus | Manufactured an Enhanced Grunt 9139 | -4/Cetus | Manufactured an Enhanced Grunt 9164 | -4/Cetus | Manufactured an Enhanced Grunt 9189 | -4/Cetus | Manufactured an Enhanced Grunt 9220 | -4/Cetus | Build established: Scavenger-Tank 9279 | -4/Cetus | Discovered new exit (range 15) 9313 | -4/Cetus | Spotted Cetus Guard 9313 | -4/Cetus | Spotted Cetus Guard 9317 | -4/Cetus | Allies destroyed Cetus Guard 9317 | -4/Cetus | Spotted Cetus Guard 9320 | -4/Cetus | Spotted Cetus Guard 9328 | -4/Cetus | Discovered new exit (range 15) 9337 | -4/Cetus | Allies destroyed Cetus Guard 9343 | -4/Cetus | Allies destroyed Cetus Guard 9345 | -4/Cetus | Met Revision 17 9396 | -4/Cetus | Destroyed A7 9401 | -4/Cetus | Extracted ID and sensor layout for unrecognized location from A7's data core 9483 | -4/Cetus | Entered Research 9483 | -3/Research | Accompanied by 4 allies 9483 | -3/Research | Evolved 2 slots: Utility x2 9683 | -3/Research | Revision forces began assault on 0b10 9756 | -3/Research | Met up with Revision 17++ 9761 | -3/Research | Discovered new exit (range 15) 9823 | -3/Research | Entered Testing 9827 | -3/Testing | Protovariant out of control (PH-3TIVTQIO9A) 9827 | -3/Testing | Unleashed a protovariant (PH-3TIVTQIO9A) 9835 | -3/Testing | Spotted Investigator 9835 | -3/Testing | Garrison activated, responded to threat 9836 | -3/Testing | Scanned by Researcher 9847 | -3/Testing | Destroyed Investigator 9958 | -3/Testing | Found Prototype Launcher 9958 | -3/Testing | Identified Containment Facilitator 9979 | -3/Testing | Build established: Scavenger-Gunner 10073 | -3/Testing | First assault squad dispatched 10111 | -3/Testing | Lost 14 parts (2p4n4u4w) 10120 | -3/Testing | Destroyed 8 combat bots 10237 | -3/Testing | Core integrity fell below 50% 10245 | -3/Testing | System corruption reached 10% 10274 | -3/Testing | Core integrity fell below 20% 10305 | -3/Testing | Lost 18 parts (4p6n3u5w) 10310 | -3/Testing | Destroyed by P-80 Master with Gamma Rifle Last Messages --------------- 10244_ Identified Imp. Energy Mantle. 10247_ Terminal disabled. 10249_ P-80 Master resets U-05 Engineer, system corruption cleaned. 10251_ Slug penetrates Wall. 10251_ Penetrated by Slug. 10251_ Slug penetrates Wall. 10256_ QD T7TF:T/P0I7:GATH&N1ALFMAEHH9E9A 10270_ Biometal Leg destroyed. 10270_ Penetrated by Slug. 10272_ P-80 Master resets I-47 Archangel, system corruption cleaned. 10274_ Slug penetrates Terminal. 10274_ Imp. Energy Mantle destroyed. 10297_ Slammed into Reinforced Shell. 10297_ Destabilizing: System corrupted (+2). 10298_ Slammed into Reinforced Shell. 10298_ Core Analyzer permanently disabled. 10298_ Destabilizing: Short circuit. 10298_ Destabilizing: Core damaged (-52). 10308_ KX8EGCNHT>PDX 4/OP#BOMRTI1NQEXTHGG [Achievement: Collector] Map ----- +----------------------------------------------------+ | ??"" """ ! #?# #????????????????????????????????? | | ?? ]#?# #????????????????????????????????? | | ??###########?# #????????????????????????????????? | | ?? ] #??# #????????????????????????????????? | | ?? #### #????????????????????????????????? | | ?# # #????????????????????????????????? | | ?# """ """ # #????????????????????????????????? | | ?# """ """ # #????????????????????????????????? | | ?? """ """ # #????????????????????????????????? | | ???? # #????????????????????????????????? | | ?????? # #????#???????????????????????????? | | ########+### ###### ??????????????????????????? | | ??????????????????????? | | ?????????????????????? | | ??????????????????????? | | ??????????????????????? | | #+### ########??????????????????? | | # #?"""""#??????????????????? | | # ##""T""###????????????????? | | # ] h ????????????????? | | + g ?????????????????? | | # """ """ """ """ ""?????????????????? | | # """" """" """" """" ""R""??????????????? | | # """" """" """" """" "" "" #???????????? | | # """ """ g""" """ #???????????? | | # p @ #???????????? | | ##### p [ c ????????? | | ????# ########+######## ????????? | | ????# #??????????????????? ?????????? | | ????# #????????????????????????????????? | | ????#########/######?????????????????????????????? | | ????????????# #?????????????????????????????? | | ????????????#" ""#?????????????????????????????? | | ????????????#" """#?????????????????????????????? | | ????????????##"" ""#?????????????????????????????? | | ???????????????? ""#?????????????????????????????? | | ????????????????"""#?????????????????????????????? | | ????????????????####?????????????????????????????? | | ?????????????????????????????????????????????????? | | ?????????????????????????????????????????????????? | | ?????????????????????????????????????????????????? | | ?????????????????????????????????????????????????? | | ?????????????????????????????????????????????????? | | ?????????????????????????????????????????????????? | | ?????????????????????????????????????????????????? | | ?????????????????????????????????????????????????? | | ?????????????????????????????????????????????????? | | ?????????????????????????????????????????????????? | | | | | +----------------------------------------------------+ Best States ------------- Heat Dissipation 139 Coolant Potential 65 Energy Generation 45 Energy Capacity 600 Matter Stores 300 Matter Capacity 300 Sight Range 22 Robot Scan Range 16 Terrain Scan Density 10 Jamming Range 12 Armor Coverage 600 Resistance: KI 20 Melee Speed Boost 20 Evasion (%) 55 Targeting Accuracy 8 Target Analysis 8 Core Analysis 6 Recoil Reduction 1 Offensive Hacking 12 Item Schematics ----------------- None Robot Schematics ------------------ None Fabricated ------------ Nothing Alien Tech Used ----------------- None Achievements -------------- Collector Challenges ------------ None Game ------ Seed PotentialTractorLauncher Manual? 0 Play Time 01:32:55 Cumulative 144.1 hours Start 2021.04.13 @ 19:41:37 End 2021.04.14 @ 14:38:50 Sessions 7 Manual Loads 0 Difficulty Rogue Special Mode None Game No. 318 Rogue 165 Adventurer 148 Explorer 5 Win Type - Total 3 Types 3/0/0/0/0/0/0/0/0 Lore% 66 Gallery% 75 Achievement% 57 Wizard Run 0 Options --------- ASCII 0 Keyboard 0 Movement Numpad Keybinds 0 Fullscreen 1 Font 14/X11 Map View 84x54 Tactical HUD 1 Map Filters NONE Filters NONE Steam 1 RUN: 3511ad46-3e89-4dc5-8e80-94fa4365c97e